 Dungeon Crawl Stone Soup version 0.22.1-1-ga44c0e5 (webtiles) character file.

13325 Anon1729 the Fighter (level 12, -10/108 HPs)
             Began as a Ghoul Gladiator on Oct 28, 2018.
             Was a Priest of Wu Jian.
             Mangled by a fire crab (12 damage)
             ... on level 11 of the Dungeon.
             The game lasted 00:25:22 (12022 turns).

Anon1729 the Fighter (Ghoul Gladiator)             Turns: 12022, Time: 00:25:23

Health: -10/108    AC: 10    Str: 21    XL:     12   Next: 4%
Magic:  11/11      EV: 15    Int:  5    God:    Wu Jian [***...]
Gold:   754        SH:  0    Dex: 10    Spells: 11/11 levels left

rFire    . . .     SeeInvis +   L - +4 quarterstaff (chaos)
rCold    + + .     Gourm    .   (shield currently unavailable)
rNeg     + + +     Faith    .   C - +1 ring mail {rC+}
rPois    ∞         Spirit   .   c - +0 helmet
rElec    .         Reflect  .   l - scarf {repulsion}
rCorr    .         Harm     .   (no gloves)
MR       +....                  B - +0 pair of boots
Stlth    ..........             (no amulet)
HPRegen  0.00/turn              g - ring of protection from magic
MPRegen  0.12/turn              M - ring of see invisible

@: about to teleport, rotting, repel missiles
A: rotting body, claws 1, carnivore, cold resistance 1, negative energy
resistance 3, inhibited regeneration, torment resistance, unbreathing
a: Wall Jump, Serpent's Lash, Renounce Religion


You were on level 11 of the Dungeon.
You worshipped Wu Jian.
Wu Jian was most pleased with you.
You were not hungry.

You visited 2 branches of the dungeon, and saw 12 of its levels.

You collected 754 gold pieces.

Inventory:

Hand Weapons
 a - a +0 quarterstaff
 D - a +1 scimitar of flaming
 L - a +4 quarterstaff of chaos (weapon)
Missiles
 d - 5 throwing nets (quivered)
Armour
 c - a +0 helmet (worn)
 i - a +2 cloak
 l - a scarf of repulsion (worn)
 B - a +0 pair of boots (worn)
 C - a +1 ring mail of cold resistance (worn)
Jewellery
 g - a ring of protection from magic (left claw)
 m - an uncursed ring of wizardry
 G - an uncursed ring of resist corrosion
 M - a ring of see invisible (right claw)
Wands
 t - a wand of digging (17)
 x - a wand of iceblast (4)
 H - a wand of enslavement (12)
Scrolls
 b - 6 scrolls of identify
 j - a scroll of enchant armour {unknown}
 k - 7 scrolls of teleportation
 o - 7 scrolls of remove curse
 p - a scroll of summoning {unknown}
 r - 5 scrolls of magic mapping
 u - a scroll of enchant weapon {unknown}
 v - a scroll of fear {unknown}
 w - a scroll of amnesia {unknown}
 y - 2 scrolls of fog
 E - 2 scrolls of immolation {unknown}
 F - a scroll of blinking {unknown}
 J - 2 scrolls of torment {unknown}
Potions
 e - 2 potions of degeneration
 h - 2 potions of haste {unknown}
 n - 2 potions of might
 q - 2 potions of flight
 s - a potion of magic {unknown}
 z - 2 potions of curing
 A - a potion of cancellation {unknown}
 I - 2 potions of berserk rage {unknown}
 K - 2 potions of ambrosia {unknown}
 O - a potion of agility
 P - a potion of mutation {unknown}
Comestibles
 f - 25 rations
 N - 2 chunks of flesh


   Skills:
 + Level 10.6 Fighting
 + Level 9.2 Staves
 - Level 1.7 Throwing
 + Level 8.7 Armour
 + Level 9.3 Dodging


You had 11 spell levels left.
You didn't know any spells.
Your spell library contained the following spells:

 Spells                   Type           Power        Failure   Level  Hunger
 Infusion                 Chrm           #...         63%         1    ##.....
 Magic Dart               Conj           #...         63%         1    ##.....
 Blink                    Tloc           N/A          77%         2    ###....
 Call Imp                 Summ           #.......     77%         2    ###....
 Shroud of Golubria       Chrm/Tloc      #.........   77%         2    ###....
 Slow                     Hex            #.......     77%         2    ###....
 Song of Slaying          Chrm           #.......     77%         2    ###....
 Sticks to Snakes         Tmut           #.......     77%         2    ###....
 Conjure Flame            Conj/Fire      #.......     94%         3    ####...
 Mephitic Cloud           Conj/Pois/Air  #.......     94%         3    ####...
 Regeneration             Chrm/Necr      #.........   94%         3    ####...
 Spectral Weapon          Hex/Chrm       #.......     94%         3    ####...
 Beastly Appendage        Tmut           Unusable     N/A         1    N/A
 Spider Form              Tmut/Pois      Unusable     N/A         3    N/A
 Ice Form                 Ice/Tmut       Unusable     N/A         4    N/A
 Blade Hands              Tmut           Unusable     N/A         5    N/A

Dungeon Overview and Level Annotations

Branches:
Dungeon (11/15)            Temple (1/1) D:7            Lair (0/6) D:10
    Orc: D:9-12

Altars:
Ashenzari
Cheibriados
Dithmenos
Elyvilon
Fedhas
Gozag
Hepliaklqana
Kikubaaqudgha
Makhleb
Nemelex Xobeh
Okawaru
Qazlal
Ru
Sif Muna
Trog
Uskayaw
Vehumet
Wu Jian
Xom
Yredelemnul
Zin
The Shining One

Shops:
D:9 }   D:11 ?


Innate Abilities, Weirdness & Mutations

Your body is rotting away.
You thrive on raw meat.
You are immune to poison.
You have sharp fingernails.
You are carnivorous and can eat meat at any time.
Your flesh is cold resistant. (rC+)
You are immune to negative energy. (rN+++)
You do not regenerate when monsters are visible.
You are immune to unholy pain and torment.
You can survive without breathing.


Message History

Evoke which item? (* to show all) (? for menu, Esc to quit)
Aiming: Iceblast
Press: ? - help, Shift-Dir - straight line The mass of ice explodes!
The iceblast engulfs the fire crab.
The fire crab is moderately wounded.
You are engulfed in blazing flames.
The fire crab bites you.
You are engulfed in flames!
The fire crab claws you!
You are engulfed in flames!
Unknown command.
As you read the scroll of teleportation, it crumbles to dust.
You feel strangely unstable.
You are engulfed in blazing flames.
* * * LOW HITPOINT WARNING * * *
The fire crab bites you.
* * * LOW HITPOINT WARNING * * *
You are engulfed in flames!
* * * LOW HITPOINT WARNING * * *
The fire crab claws you.
* * * LOW HITPOINT WARNING * * *
You are engulfed in flames!
You die...

#......# #..............#...
#...(..# #...########...#...
#......# #...#......#...#...
#......# #...'......#...#...
#......# #...#......#.###.##
#.....>#####...#......#.#...#.
#..........§..§########.#...#.
#..........§t§§§........#####.
###########§#@§§..............
#§#§§[.....#'####...
#§#........#...(#...
#§#........+....#...
#t#........#....#...
#.#........######...
#.#.................
#.#............#####
#............#


You could see a fire crab.

Vanquished Creatures
  Harold (D:7)
  Erica (D:9)
  6 two-headed ogres
  Pikel (D:9)
  A cyclops (D:11)
  An elephant (D:10)
  A troll (D:10)
  Prince Ribbit (D:9)
  2 hippogriffs (D:10)
  A shadow (D:10)
  2 basilisks (D:10)
  A wyvern (D:11)
  A hog (D:9)
  A human (D:9)
  3 yaks (D:9)
  A water moccasin (D:7)
  A hornet zombie (D:9)
  2 necrophages
  A sky beast (D:9)
  4 slaves (D:9)
  3 ogres
  5 orc warriors
  4 ice beasts
  A phantom (D:4)
  5 centaurs
  2 big kobolds (D:8)
  6 bullfrogs
  A wyvern skeleton (D:10)
  4 scorpions
  3 killer bees (D:8)
  3 howler monkeys (D:10)
  3 wights (D:6)
  4 crimson imps
  A centaur zombie (D:8)
  4 quasits
  A jelly (D:5)
  Crazy Yiuf (D:2)
  3 orc priests
  4 bullfrog skeletons
  5 hounds
  Ijyb (D:3)
  Natasha (thrice) (D:2)
  6 iguanas
  8 orc wizards
  15 worker ants
  A hound skeleton (D:10)
  Robin (D:2)
  11 adders
  A howler monkey skeleton (D:8)
  2 worker ant zombies
  A shadow imp (D:6)
  An ooze (D:4)
  2 adder zombies (D:6)
  An adder skeleton (D:8)
  2 worms
  3 dart slugs
  7 leopard geckos
  31 orcs
  2 bat zombies (D:2)
  6 giant cockroaches
  15 goblins
  12 hobgoblins
  15 jackals
  21 kobolds
  6 quokkas
  A ball python (D:1)
  11 bats
  2 frilled lizards (D:3)
  A leopard gecko skeleton (D:4)
  A quokka skeleton (D:4)
  A quokka zombie (D:8)
  6 rats
293 creatures vanquished.

Vanquished Creatures (others)
  A kobold (D:8)
  A plant (D:7)
2 creatures vanquished.

Grand Total: 295 creatures vanquished

Notes
Turn   | Place    | Note
-------+----------+-------------------------------------------
     0 | D:1      | Anon1729 the Ghoul Gladiator began the quest for the Orb.
     0 | D:1      | Reached XP level 1. HP: 17/17 MP: 0/0
   336 | D:1      | Reached XP level 2. HP: 25/25 MP: 1/1
   707 | D:1      | Reached XP level 3. HP: 30/30 MP: 2/2
   904 | D:2      | Noticed Natasha
   912 | D:2      | Killed Natasha
   912 | D:2      | Reached skill level 1 in Armour
   913 | D:2      | Reached skill level 3 in Fighting
  1029 | D:2      | Reached XP level 4. HP: 38/38 MP: 3/3
  1085 | D:2      | Noticed Natasha
  1097 | D:2      | Killed Natasha
  1099 | D:2      | Noticed Natasha
  1110 | D:2      | Killed Natasha
  1110 | D:2      | Reached XP level 5. HP: 37/45 MP: 4/4
  1192 | D:2      | Noticed Robin
  1239 | D:2      | Killed Robin
  1666 | D:2      | Found an ancient bone altar of Kikubaaqudgha.
  1743 | D:2      | Found a runed door.
  1826 | D:3      | Found a shattered altar of Ashenzari.
  1855 | D:3      | Reached XP level 6. HP: 38/52 MP: 5/5
  1923 | D:3      | Noticed Ijyb
  1949 | D:3      | Killed Ijyb
  2419 | D:4      | Reached skill level 4 in Fighting
  2554 | D:4      | Noticed a phantom
  2598 | D:4      | Killed a phantom
  2598 | D:4      | Reached XP level 7. HP: 28/60 MP: 6/6
  2676 | D:4      | Found an opulent altar of Gozag.
  2930 | D:5      | Entered Level 5 of the Dungeon
  3261 | D:5      | Reached skill level 5 in Fighting
  3450 | D:5      | Reached XP level 8. HP: 24/68 MP: 7/7
  3943 | D:5      | You fall through a shaft for 2 floors!
  3957 | D:6      | Reached skill level 5 in Dodging
  4072 | D:6      | Reached skill level 5 in Staves
  4318 | D:6      | Found a stormy altar of Qazlal.
  4318 | D:6      | Found a hide-covered altar of Uskayaw.
  4383 | D:6      | Reached skill level 6 in Fighting
  4704 | D:6      | Found an iron altar of Okawaru.
  4828 | D:6      | Reached XP level 9. HP: 65/77 MP: 8/8
  5276 | D:7      | Reached skill level 5 in Armour
  5822 | D:7      | Noticed Harold
  6170 | D:2      | Noticed Crazy Yiuf
  6176 | D:2      | Killed Crazy Yiuf
  6562 | D:7      | Found a staircase to the Ecumenical Temple.
  6593 | Temple   | Entered the Ecumenical Temple
  6738 | Temple   | Became a worshipper of the Wu Jian Council
  6816 | D:7      | Reached skill level 7 in Fighting
  6994 | D:7      | Killed Harold
  7258 | D:8      | Reached XP level 10. HP: 58/86 MP: 9/9
  7288 | D:8      | Reached * piety under Wu Jian
  7292 | D:8      | Reached skill level 8 in Fighting
  7455 | D:8      | You fall through a shaft!
  7458 | D:9      | Found Yrezudwe's Gadget Emporium.
  7506 | D:9      | Noticed Erica
  7520 | D:9      | Killed Erica
  7598 | D:9      | Noticed a two-headed ogre
  7615 | D:9      | Killed a two-headed ogre
  7784 | D:9      | Noticed Pikel
  7823 | D:9      | Killed Pikel
  8033 | D:9      | Noticed a two-headed ogre
  8097 | D:8      | Reached skill level 9 in Fighting
  8621 | D:8      | Found a glowing silver altar of Zin.
  8731 | D:9      | Killed a two-headed ogre
  8731 | D:9      | Reached XP level 11. HP: 50/97 MP: 10/10
  8999 | D:9      | Noticed Prince Ribbit
  9009 | D:9      | Killed Prince Ribbit
  9487 | D:9      | Reached ** piety under Wu Jian
  9991 | D:10     | Entered Level 10 of the Dungeon
 10270 | D:10     | Found a staircase to the Lair.
 10632 | D:10     | Reached skill level 10 in Fighting
 10940 | D:10     | Noticed a two-headed ogre
 10953 | D:10     | Killed a two-headed ogre
 10978 | D:10     | Noticed a two-headed ogre
 11003 | D:10     | Killed a two-headed ogre
 11269 | D:11     | Found a blossoming altar of Fedhas.
 11354 | D:11     | Found a runed door.
 11460 | D:11     | Noticed a two-headed ogre
 11475 | D:11     | Killed a two-headed ogre
 11618 | D:11     | Noticed a cyclops
 11627 | D:11     | Killed a cyclops
 11636 | D:11     | Reached *** piety under Wu Jian
 11681 | D:11     | Found Zomuxeeg's Magic Scroll Boutique.
 11860 | D:11     | Noticed a two-headed ogre
 11870 | D:11     | Killed a two-headed ogre
 11870 | D:11     | Reached XP level 12. HP: 86/108 MP: 11/11
 12022 | D:11     | HP: 3/108 [fire crab (13)]
 12022 | D:11     | Mangled by a fire crab

Skill      XL: |  1  2  3  4  5  6  7  8  9 10 11 |
---------------+----------------------------------+-----
Dodging        | 3 4 5 6 8 9 |  9.3
Staves         | 3 4 5 6 8 9 |  9.2
Armour         | 1 2 3 4 6 7 8 |  8.7
Fighting       | 3 4 5 6 7 9 10 | 10.6
Throwing       | |  1.7

Action                   |  1- 3 |  4- 6 |  7- 9 | 10-12 || total
-------------------------+-------+-------+-------+-------++-------
Melee: Quarterstaff      |    73 |   294 |   406 |   452 ||  1225
Invok: Lunge             |       |       |       |    29 ||    29
       Whirlwind         |       |       |       |    36 ||    36
       Wall Jump         |       |       |       |     1 ||     1
Evoke: Wand              |       |     1 |     7 |     1 ||     9
  Use: Potion            |       |     5 |     2 |     2 ||     9
       Scroll            |       |       |     8 |     4 ||    12
 Stab: Petrified         |       |       |    10 |       ||    10
       Paralysed         |       |       |     2 |     7 ||     9
       Petrifying        |       |       |       |     1 ||     1
  Eat: Chunk             |     5 |    21 |    32 |    36 ||    94
       Ration            |       |       |       |     1 ||     1
Armor: Scale mail        |    42 |   130 |   151 |       ||   323
       Leather armour    |     1 |       |       |       ||     1
       Ring mail         |       |       |    19 |   101 ||   120
Dodge: Dodged            |    46 |   221 |   317 |   287 ||   871
       Deflected         |     1 |     4 |     8 |     9 ||    22
